AoeStats
← NPG | gab

Pilgrims

509742219Analyzed
2v2 RM · 5d ago on Sep 27, 2026· 29m 59s· 4 players
Game mode
Random Map
Map size
Medium (4 player)
Population
200
Speed
Normal
Resources
Standard
Victory
Conquest
Starting age
Dark Age
Ending age
Imperial Age
RankedLock teamsTeams togetherTeam positionsShared explorationLock speedFull tech treeHidden civsTurbo modeCheats
Victory
Defeat
🇦🇷 Franks · Argentina
993
+16
🇦🇷 Lithuanians · Argentina
973
+17
🇬🇧 Japanese · United Kingdom
1000
-48
🇺🇸 Vikings · United States
1000
-51
NPG | gab
7:30 Loom
9:54 Feudal Age
11:26 Fishing Lines
12:24 Double-Bit Axe
12:45 Fletching
19:36 Castle Age
20:15 Bodkin Arrow
21:10 Bow Saw
22:59 Scale Barding Armor
23:06 Forging
24:12 Gillnets
26:26 Wheelbarrow
26:23 Chain Barding Armor
29:18 Imperial Age
28:08 Hand Cart
28:26 Husbandry
29:27 Cavalier
30:46 Plate Barding Armor
31:03 Iron Casting
MarionChip
5:01 Loom
11:19 Feudal Age
15:16 Horse Collar
20:25 Bloodlines
21:17 Scale Barding Armor
21:23 Forging
24:44 Castle Age
22:41 Fletching
26:18 Husbandry
thecartelflow
12:04 Loom
22:56 Feudal Age
24:45 Town Watch
25:11 Arson
24:47 Man-at-Arms
The Mamaduke
13:42 Feudal Age
15:17 Wheelbarrow
15:18 Fishing Lines
16:09 Man-at-Arms
16:35 Arson
27:20 Scale Mail Armor
27:36 Forging
Connection lost

Rejoining the realm…

Still unreachable

The connection could not be restored.

Session expired

The server has moved on; the page needs a fresh start.